 Dungeon Crawl Stone Soup version 0.28-a0-1493-g0869888 (webtiles) character file.

Game seed: 355693117769532559

537 FromWork the Ducker (level 7, -2/43 HPs)
             Began as a Deep Elf Berserker on Jan 12, 2022.
             Was a Believer of Trog.
             Succumbed to a gnoll's poison
             ... on level 4 of the Dungeon.
             The game lasted 00:06:29 (4493 turns).

FromWork the Ducker (Deep Elf Berserker)            Turns: 4493, Time: 00:06:29

Health: -2/43      AC:  7    Str: 16    XL:     7   Next: 5%
Magic:  9/9        EV: 11    Int: 12    God:    Trog [**....]
Gold:   205        SH:  0    Dex: 14    Spells: 6/6 levels left

rFire   . . .      SeeInvis .   a - +1 short sword (elec)
rCold   . . .      Faith    .   (no shield)
rNeg    . . .      Spirit   .   c - +0 scale mail
rPois   .          Reflect  .   (no helmet)
rElec   .          Harm     .   n - +0 cloak
rCorr   .          Rampage  .   (no gloves)
Will    .....                   (no boots)
Stlth   +.........              (no amulet)
HPRegen 0.14/turn               o - +4 ring of slaying
MPRegen 0.11/turn               (no ring)

@: lethally poisoned (-2 -> -26)
A: no striking features
a: Renounce Religion, Berserk, Trog's Hand


You were on level 4 of the Dungeon.
You worshipped Trog.
Trog was pleased with you.
You visited 1 branch of the dungeon, and saw 5 of its levels.

You collected 205 gold pieces.

Inventory:

Hand Weapons
 a - a +1 short sword of electrocution (weapon)
 b - a +0 shortbow
 h - a +0 vampiric short sword
Missiles
 f - 3 atropa-tipped darts (quivered)
 j - 41 arrows
 p - 37 poisoned darts
Armour
 c - a +0 scale mail (worn)
 n - a +0 cloak (worn)
Jewellery
 o - a +4 ring of slaying (left hand)
Wands
 q - a wand of polymorph (9)
Scrolls
 i - 3 scrolls of fear
 l - a scroll of blinking
 m - a scroll of teleportation
 s - a scroll of brand weapon
 t - a scroll of amnesia {unknown}
Potions
 d - a potion of flight {unknown}
 e - a potion of curing {unknown}
 g - a potion of resistance {unknown}
 k - a potion of brilliance {unknown}
 r - a potion of berserk rage {unknown}


   Skills:
 + Level 4.1 Fighting
 - Level 3.0 Short Blades
 * Level 4.1 Bows
 - Level 2.5 Armour
 + Level 4.5 Dodging
 + Level 4.1 Stealth


You had 6 spell levels left.
You didn't know any spells.
Your spell library was empty.

Dungeon Overview and Level Annotations

Branches:
Dungeon (5/15)
 Temple: D:4-7

Altars:
Wu Jian

Annotations:
D:5 Eustachio


Message History

You hit the gnoll.
The gnoll is lightly wounded.
The gnoll closely misses you.
You hit the gnoll.
The gnoll is heavily wounded.
The gnoll hits you with a +2 whip of venom.
You are poisoned.
Eustachio casts a spell.
The quokka closely misses you.
Unknown command.
You closely miss the gnoll.
The gnoll is heavily wounded.
You feel sick.
The quokka bites you but does no damage.
The gnoll hits you with a +2 whip of venom.
You are more poisoned.
Eustachio gestures wildly while chanting.
Eustachio blinks!
You hit the gnoll.
The gnoll is almost dead.
You feel very sick.
The quokka bites you but does no damage.
The gnoll hits you with a +2 whip of venom.
You are lethally poisoned!
You feel very sick. Eustachio hits you with a +0 rapier.
The gnoll closely misses you. The quokka closely misses you.
There is a stone staircase leading up here.
* * * LOW HITPOINT WARNING * * *
You feel very sick.
The ufetubus barely misses you. x2; The shadow imp hits you.
* * * LOW HITPOINT WARNING * * *
The gnoll hits you with a +2 whip of venom.
* * * LOW HITPOINT WARNING * * *
You are more poisoned.
Eustachio mumbles some strange words.
Eustachio blinks!
The quokka barely misses you. The ufetubus misses you.
The ufetubus hits you but does no damage.
You climb upwards.
You die...

#.(.......# ##..>#######
#.........# ###...## #
#....)....###.....# ##
#.............#...# ###.
#.........#####...# #..[
#.........## ##...#####..#
#..........# #.....)......
#.......<.r###....######.#
##........@........# #.#
##........g##.#.#...## ##.#
#.........###........####..#
#.......###...#.......##..##
#.......##..##.............#
##.......................#..
#.......######..............
#.......# #..........####
#.......# #....).....####


You could see a gnoll and a quokka.

Vanquished Creatures
  A wyvern (D:4)
  An ogre (D:4)
  A phantom (D:4)
  An orc priest (D:2)
  A bullfrog skeleton (D:4)
  6 gnolls
  3 adders
  3 dart slugs
  7 orcs
  9 ball pythons
  3 endoplasms
  4 giant cockroaches
  8 hobgoblins
  11 kobolds
  3 quokkas
  2 bats
  3 frilled lizards
  9 goblins
  4 rats
80 creatures vanquished.

Notes
Turn   | Place    | Note
-------+----------+-------------------------------------------
     0 | D:1      | FromWork the Deep Elf Berserker began the quest for the
                  | Orb.
     0 | D:1      | Reached XP level 1. HP: 13/13 MP: 3/3
   295 | D:1      | Reached XP level 2. HP: 18/18 MP: 4/4
   367 | D:1      | Reached skill level 1 in Stealth
   938 | D:2      | You fall into a shaft and drop 2 floors!
   953 | D:4      | Reached XP level 3. HP: 7/22 MP: 5/5
  1212 | D:4      | Noticed an ogre
  1214 | D:4      | Reached ** piety under Trog
  1234 | D:4      | Killed an ogre
  1235 | D:4      | Reached XP level 4. HP: 6/28 MP: 6/6
  1235 | D:4      | Reached XP level 5. HP: 6/32 MP: 7/7
  2040 | D:2      | Reached skill level 1 in Bows
  2043 | D:2      | Found a faded altar of an unknown god.
  2812 | D:3      | Found an ornate altar of the Wu Jian Council.
  3535 | D:4      | Noticed a wyvern
  3540 | D:4      | Killed a wyvern
  3541 | D:4      | Reached XP level 6. HP: 33/38 MP: 8/8
  4248 | D:4      | Reached XP level 7. HP: 18/43 MP: 9/9
  4480 | D:5      | Entered Level 5 of the Dungeon
  4480 | D:5      | Noticed Eustachio
  4493 | D:4      | Succumbed to a gnoll's poison

Illustrated notes

Levels and vault maps discovered:
D:1:      dpeg_arrival_central, layout_rooms
D:2:      layout_loops_ring, chequers_ecumenical_altar_island,
          hangedman_abyss_or_decor_stabs, hangedman_decor_points
D:3:      layout_rooms, nicolae_wu_jian_wuxing_cycle, chequers_big_river
D:4:      layout_rooms, grunt_decor_one_mirror
D:5:      layout_basic, portal_sewer_entry_f, minmay_quadrilaterals,
          uniq_eustachio

Skill      XL: |  1  2  3  4  5  6 |
---------------+-------------------+-----
Stealth        | 1 2 3 4 |  4.1
Dodging        | 3 4 |  4.5
Fighting       | 3 4 |  4.1
Armour         | 2 |  2.5
Bows           | 3 4 |  4.1
Short Blades   | |  3.0

Action                   |  1- 3 |  4- 6 |  7- 9 || total
-------------------------+-------+-------+-------++-------
Melee: Short sword       |    94 |   112 |     8 ||   214
 Fire: Shortbow          |       |     7 |       ||     7
Invok: Berserk           |     1 |     3 |       ||     4
  Use: Scroll            |       |     6 |       ||     6
Armor: Scale mail        |    35 |    31 |     3 ||    69
Dodge: Dodged            |    41 |    42 |    12 ||    95

Table legend: (Time is in decaauts)
 A = Elapsed time spent in this place.
 B = Non-inter-level travel time spent in this place.
 C = Inter-level travel time spent in this place.
 D = Time resting spent in this place.
 E = Time spent auto-exploring this place.
 F = Levels seen in this place.
 G = Mean time per level.
                   A        B        C        D        E       F      G
               +--------+--------+--------+--------+--------+-----+--------+
         Total |   4530 |   4448 |     82 |   1092 |   2780 |   5 |  906.0 |
       Dungeon |   4530 |   4448 |     82 |   1092 |   2780 |   5 |  906.0 |
               +--------+--------+--------+--------+--------+-----+--------+

Top non-repeatable levels by time:
     D:4: 1762 daAuts
     D:2: 1112 daAuts
     D:1: 910 daAuts
     D:3: 733 daAuts
     D:5: 12 daAuts
